 Dungeon Crawl Stone Soup version 0.31-a0-365-gcf821cafb2 (webtiles) character file.

Game seed: 742110177780468167

93655 Newt the Spear-Bearer (level 16, -5/109 HPs)
             Began as a Merfolk Gladiator on July 27, 2023.
             Was a High Priest of Hepliaklqana.
             Slain by a frost giant
             ... wielding a +2 battleaxe of freezing
              (26 damage)
             ... on level 13 of the Dungeon.
             The game lasted 00:36:22 (24196 turns).

Newt the Spear-Bearer (Merfolk Gladiator)          Turns: 24196, Time: 00:36:23

Health: -5/109     AC: 12    Str: 17    XL:     16   Next: 9%
Magic:  29/29      EV: 24    Int:  8    God:    Hepliaklqana [*****.]
Gold:   1545       SH: 12    Dex: 20    Spells: 29/33 levels left

rFire   . . .        i - +9 spear (heavy)
rCold   x . .        J - +0 kite shield
rNeg    . . .        b - +0 troll leather armour
rPois   .            (no helmet)
rElec   +            p - +1 cloak
rCorr   .            P - +0 pair of gloves
SInv    .            (no boots)
Will    +....        Y - amulet "Enabeb" {Acrobat Harm Str-4 Dex+4}
Stlth   +++          g - +5 ring of evasion
HPRegen 1.18/turn    j - +4 ring of protection
MPRegen 0.21/turn

%: harm (+30% outgoing, +20% incoming), acrobat, clarity
@: no status effects
A: reduced essence, (nimble swimmer 2), mertail, clarity, electricity
resistance, cold vulnerability 1
a: Renounce Religion, Recall Ancestor, Ancestor Identity, Transference, Idealise


You were on level 13 of the Dungeon.
You worshipped Hepliaklqana.
Hepliaklqana was extremely pleased with you.
You visited 3 branches of the dungeon, and saw 19 of its levels.
You also visited: Ossuary and Bailey.

You collected 1910 gold pieces.
You spent 365 gold pieces at shops.

Inventory:

Hand Weapons
 i - a +9 heavy spear (weapon)
Missiles
 d - 2 throwing nets (quivered)
Armour
 b - a +0 troll leather armour (worn)
 p - a +1 cloak (worn)
 J - a +0 kite shield (worn)
 L - a +0 scale mail of fire resistance
 P - a +0 pair of gloves (worn)
 Q - a +1 robe of cold resistance
 X - a +1 leather armour of positive energy
Jewellery
 e - a ring of poison resistance
 g - a +5 ring of evasion (left hand)
 j - a +4 ring of protection (right hand)
 B - a +4 ring of protection
 T - an amulet of regeneration
 W - a ring of see invisible
 Y - the amulet "Enabeb" (around neck) {Acrobat Harm Str-4 Dex+4}
   (You took it off a yaktaur on level 11 of the Dungeon)

   [amulet of the acrobat]

   It increases your evasion while moving and waiting.
   Str:       It affects your strength (-4).
   Dex:       It affects your dexterity (+4).
   Harm:      It increases damage dealt and taken.
 Z - a +6 ring of strength
Wands
 o - a wand of digging (10)
 u - a wand of polymorph (10)
 A - a wand of flame (27)
 C - a wand of paralysis (7)
 R - a wand of acid (7)
Scrolls
 t - 2 scrolls of fog
 w - 2 scrolls of immolation
 z - 9 scrolls of teleportation
 G - 4 scrolls of enchant weapon
 H - 4 scrolls of enchant armour
 M - 7 scrolls of blinking
 O - 5 scrolls of identify
 S - 2 scrolls of amnesia
 U - a scroll of fear
 V - a scroll of brand weapon
Potions
 f - 2 potions of invisibility
 h - 3 potions of lignification
 l - a potion of enlightenment
 m - a potion of brilliance
 q - 3 potions of might
 r - 6 potions of curing
 s - 5 potions of haste
 v - 4 potions of resistance
 E - 5 potions of heal wounds
 F - a potion of cancellation
Miscellaneous
 a - a phantom mirror
 c - a lightning rod (4/4)
 n - a sack of spiders
 I - a tin of tremorstones (2/2)
 N - a phial of floods


   Skills:
 - Level 10.0 Fighting
 - Level 13.1 Polearms
 - Level 2.0 Throwing
 - Level 6.0 Armour
 - Level 12.0 Dodging
 - Level 5.0 Stealth
 - Level 8.0 Shields
 - Level 9.0 Spellcasting
 + Level 3.6 Summonings
 - Level 8.6 Earth Magic
 - Level 9.0 Invocations
 - Level 12.9 Evocations


You had 29 spell levels left.
You knew the following spells:

 Your Spells              Type           Power      Damage    Failure   Level
a - Animate Armour        Summ/Erth      26%        N/A       36%         4

Your spell library contained the following spells:

 Spells                   Type           Power      Damage    Failure   Level
 Sandblast                Erth           34%        2d9       1%          1
 Passwall                 Tmut/Erth      8%         N/A       12%         2
 Stone Arrow              Conj/Erth      20%        3d8       24%         3
 Call Canine Familiar     Summ           9%         N/A       32%         3
 Lee's Rapid Deconstruct  Erth           8%         3d7*      36%         5
 Slow                     Hex            12%        N/A       43%         1
 Ensorcelled Hibernation  Hex/Ice        6%         N/A       56%         2
 Sublimation of Blood     Necr           3%         N/A       56%         2
 Petrify                  Tmut/Erth      10%        N/A       63%         4
 Confusing Touch          Hex            3%         N/A       80%         3
 Tukima's Dance           Hex            3%         N/A       80%         3
 Vampiric Draining        Necr           3%         2d6       80%         3
 Vhi's Electric Charge    Tloc/Air       6%         N/A       80%         3
 Volatile Blastmotes      Fire/Tloc      6%         2d10      80%         3
 Summon Lightning Spire   Summ/Air       6%         N/A       92%         4
 Anguish                  Hex/Necr       1%         N/A       99%         4
 Fulminant Prism          Conj/Hex       1%         3d5       99%         4
 Iskenderun's Mystic Bla  Conj/Tloc      3%         2d3       99%         4
 Passage of Golubria      Tloc           3%         N/A       99%         4
 Sticky Flame             Conj/Fire      3%         2d3       99%         4
 Arcjolt                  Conj/Air       1%         1d11      100%        5
 Irradiate                Conj/Tmut      1%         3d12      100%        5
 Yara's Violent Unravell  Hex/Tmut       1%         3d3       100%        5
 Conjure Ball Lightning   Conj/Air       1%         3x3d6     100%        6
 Discord                  Hex            1%         N/A       100%        8
 Disjunction              Tloc           1%         N/A       100%        8
 Maxwell's Capacitive Co  Air            1%         ∞         100%        8
 Chain Lightning          Conj/Air       1%         3d2       100%        9
 Fire Storm               Conj/Fire      1%         8d1       100%        9
 Shatter                  Erth           8%         3d10*     100%        9


Dungeon Overview and Level Annotations

Branches:
Dungeon (13/15)            Temple (1/1) D:4            Lair (5/5) D:9
  Swamp (0/4) Lair:3        Snake (0/4) Lair:3        Slime (0/5) Lair:4
    Orc (0/2) D:12         Vaults (0/5) D:13        Ossuary (visited)
 Bailey (visited)

Altars:
Ashenzari
Cheibriados
Dithmenos
Elyvilon
Fedhas
Gozag
Hepliaklqana
Kikubaaqudgha
Makhleb
Nemelex Xobeh
Okawaru
Qazlal
Ru
Sif Muna
Trog
Uskayaw
Vehumet
Wu Jian
Xom
Yredelemnul
Zin
The Shining One
Jiyva

Shops:
D:3 *   D:9 (   D:12 *

Portals:
Trove: D:12 (give 20 potions of curing)

Annotations:
D:12 2 transporters, wormstring's ghost, journeyman MeEE
Lair:5 3 runed translucent doors, randomguy2701's ghost, journeyman MiFi


Innate Abilities, Weirdness & Mutations

Your life essence is reduced to manifest your ancestor. (-10% HP)
((You are very nimble when in or above water. (Stealth+, EV+, Speed+++)))
Your lower body shifts to a powerful aquatic tail in water.
You possess an exceptional clarity of mind.
You are resistant to electric shocks. (rElec)
You are vulnerable to cold. (rC-)


Message History

You reach to attack!
You puncture the frost giant!
The frost giant is lightly wounded.
Bintanath hits the frost giant with a +0 broad axe of flaming!!
Bintanath burns the frost giant.
The frost giant casts a spell at you. The bolt of cold misses you.
You reach to attack!
You puncture the frost giant!
The frost giant is heavily wounded.
You reach to attack!
You puncture the frost giant!
The frost giant is heavily wounded.
Bintanath hits the frost giant with a +0 broad axe of flaming!
Bintanath burns the frost giant.
Bintanath misses the tengu warrior.
You puncture the frost giant!
The frost giant is severely wounded.
Bintanath blocks the tengu warrior's attack.
The tengu warrior pecks Bintanath but does no damage.
Bintanath blocks the tengu warrior's attack.
The frost giant points at you and mumbles some strange words.
The bolt of cold misses you.
You puncture the frost giant!
The frost giant is almost dead.
The tengu warrior blocks Bintanath's attack.
Bintanath hits the frost giant with a +0 broad axe of flaming.
Bintanath burns the frost giant.
The tengu warrior hits Bintanath with a +0 war axe!
Bintanath blocks the tengu warrior's attack.
The tengu warrior misses Bintanath.
The frost giant hits you with a +2 battleaxe of freezing!!!
The frost giant freezes you.
The frost giant hits Bintanath with a +2 battleaxe of freezing!!
The frost giant freezes Bintanath.
You hit the frost giant.
The frost giant is almost dead.
The tengu warrior hits Bintanath but does no damage.
The tengu warrior pecks Bintanath but does no damage.
The tengu warrior claws Bintanath but does no damage.
The frost giant hits you with a +2 battleaxe of freezing!!
* * * LOW HITPOINT WARNING * * *
The frost giant freezes you!!
You die...

(.(#.#........#############......
###)###.......#...#...#...#.##...
)...# ##......'.[÷'...'...#######
....# ##.....#...#...#...# ##..#
##.(..##'#######'######## ##..###
#....#...#).[#.(.#...... #....#
##...#...#...#...#...... #....#
#...#...#|.?#...#...... #....#
##..##@###+######...... #...##
####..C# #...... #..## #..RQ...+
#...... #..# #...#...# #......
##..# ##### #############......
....#####...### #................
.....##.......####...............
####...........# #...............
#............####....)........#


You could see the friendly Bintanath the knight, a frost giant and a tengu
warrior (ally target).

Vanquished Creatures
  Kirke (Lair:3)
  A stone giant (D:13)
  An ettin (D:13)
  Fannar (Lair:2)
  4 hydras
  Harold (D:9)
  An ogre mage (D:13)
  5 vault guards (D:13)
  3 boulder beetles
  3 centaur warriors (D:13)
  Erolcha (D:13)
  A catoblepas (Lair:3)
  3 two-headed ogres
  4 death yaks
  Nergalle (Lair:3)
  5 skeletal warriors
  4 skysharks
  A flayed ghost (D:13)
  Pikel (D:8)
  2 orc knights
  2 deep elf pyromancers
  11 cyclopes
  An oklob plant (Lair:5)
  An ugly thing (D:12)
  2 manticores
  Joseph (D:8)
  3 black mambas
  12 elephants
  A gargoyle (D:11)
  An unseen horror (D:12)
  6 cane toads
  2 rime drakes
  The ghost of LeprechaunX the Changeling, a novice OpSh of Cheibriados (D:4)
  6 komodo dragons
  2 kobold demonologists (D:10)
  A yaktaur (D:11)
  An efreet (D:13)
  A tengu conjurer (D:13)
  2 ice devils (Lair:5)
  5 polar bears (Lair:5)
  4 trolls
  13 blink frogs
  2 tyrant leeches (Lair:3)
  A dream sheep (Lair:5)
  2 hornets
  A vampire (D:10)
  3 wyverns
  55 yaks
  3 slime creatures (Lair:4)
  11 spriggans (Lair:5)
  3 basilisks
  2 hogs (Lair:3)
  Grum (D:8)
  2 steam dragons
  Menkaure (D:6)
  A swamp worm (Lair:3)
  13 water moccasins
  5 wargs (D:13)
  2 sky beasts (D:6)
  3 black bears
  A sky beast (shapeshifter) (D:13)
  11 orc warriors
  5 ogres
  5 centaurs
  5 boggarts (Lair:5)
  23 wolves
  2 lemures (D:8)
  A phantom (D:6)
  3 kobold brigands
  A gnoll sergeant (D:8)
  10 bullfrogs
  2 necrophages (Lair:4)
  2 scorpions
  14 wights
  5 killer bees (D:9)
  8 howler monkeys
  4 centaur zombies (Ossuary)
  Crazy Yiuf (D:4)
  2 orc priests
  A hound (D:6)
  A jelly (Lair:4)
  A sleepcap (D:8)
  Ijyb (D:5)
  2 gnoll boudas
  Terence (D:2)
  4 iguanas
  4 orc wizards
  3 hell rats (D:9)
  5 mummies
  Robin (D:5)
  11 gnolls
  3 river rats (D:9)
  8 adders
  2 shadow imps
  3 white imps
  An ufetubus (D:6)
  A dart slug (D:2)
  39 orcs
  4 endoplasms
  2 giant cockroaches
  7 goblins
  9 hobgoblins
  4 jackals (D:2)
  5 quokkas
  8 ball pythons
  3 bats
  6 frilled lizards
  A hobgoblin zombie (Ossuary)
  16 kobolds
  3 rats
499 creatures vanquished.

Vanquished Creatures (collateral kills)
  The ghost of XomNomNom the Basher, a journeyman HOMo of Beogh (D:11)
  A catoblepas (Lair:1)
  A hydra (Lair:4)
  3 vault guards (D:13)
  A two-headed ogre (D:13)
  A centaur warrior (D:13)
  A dancing weapon (D:11)
  2 spriggans (Lair:5)
  Amaemon (Lair:3)
  3 skeletal warriors
  A wizard (D:11)
  A deep elf pyromancer (D:13)
  9 cyclopes
  A salamander (shapeshifter) (D:12)
  2 manticores
  An orange demon (Lair:3)
  A torpor snail (Lair:4)
  A komodo dragon (Lair:1)
  Psyche (D:10)
  A gargoyle (D:12)
  2 unseen horrors
  An efreet (D:13)
  3 cane toads
  2 hornets (Lair:5)
  Prince Ribbit (D:7)
  3 blink frogs
  A centaur simulacrum (D:11)
  2 basilisks
  2 hogs (Lair:3)
  16 yaks
  A warg (D:13)
  A swamp worm (Lair:3)
  2 black bears
  2 orc warriors (Bailey)
  8 wolves
  3 centaurs
  3 kobold brigands (D:10)
  4 necrophages (Lair:4)
  4 wights
  A killer bee (D:9)
  2 howler monkeys
  A lava snake (D:10)
  An orc priest (D:11)
  A gnoll bouda (D:10)
  2 orc wizards
  2 gnolls
  6 orcs
  6 kobolds
  A quokka (D:9)
118 creatures vanquished.

Vanquished Creatures (others)
  An unseen horror (D:11)
  16 knights
17 creatures vanquished.

Grand Total: 634 creatures vanquished

Notes
Turn   | Place    | Note
-------+----------+-------------------------------------------
     0 | D:1      | Newt the Merfolk Gladiator began the quest for the Orb.
     0 | D:1      | Reached XP level 1. HP: 16/16 MP: 1/1
   264 | D:1      | Reached XP level 2. HP: 22/22 MP: 2/2
   424 | D:1      | Reached skill level 5 in Polearms
   755 | D:2      | Noticed Terence
   783 | D:2      | Killed Terence
   784 | D:2      | Reached skill level 6 in Polearms
   784 | D:2      | Reached XP level 3. HP: 9/27 MP: 3/3
  1114 | D:2      | Reached XP level 4. HP: 33/33 MP: 4/4
  1961 | D:3      | Found Zoakael's General Store.
  1966 | D:3      | Bought a scroll of enchant weapon for 97 gold pieces
  2474 | D:3      | Reached skill level 7 in Polearms
  2509 | D:3      | Found a faded altar of an unknown god.
  2558 | D:3      | Found a snail-covered altar of Cheibriados.
  2755 | D:4      | Reached XP level 5. HP: 37/41 MP: 5/5
  3006 | D:4      | Noticed an ogre
  3025 | D:4      | Killed an ogre
  3026 | D:4      | Reached skill level 5 in Dodging
  3026 | D:4      | Reached XP level 6. HP: 48/48 MP: 6/6
  3138 | D:4      | Found a staircase to the Ecumenical Temple.
  3163 | Temple   | Entered the Ecumenical Temple
  3182 | Temple   | Became a worshipper of Hepliaklqana the Forgotten
  3240 | D:4      | Found a runed translucent door.
  3241 | D:4      | Noticed Crazy Yiuf
  3330 | D:4      | Found a runed translucent door.
  3333 | D:4      | Noticed LeprechaunX's ghost (novice OpSh)
  3493 | D:4      | Reached skill level 8 in Polearms
  3493 | D:4      | Reached XP level 7. HP: 39/54 MP: 7/7
  3777 | D:4      | Killed LeprechaunX's ghost
  3778 | D:4      | Reached skill level 9 in Polearms
  3985 | D:4      | Killed Crazy Yiuf
  4035 | D:5      | Entered Level 5 of the Dungeon
  4061 | D:5      | Reached XP level 8. HP: 42/60 MP: 8/8
  4180 | D:5      | Noticed Robin
  4185 | D:5      | Noticed Ijyb
  4198 | D:5      | Killed Ijyb
  4213 | D:5      | Killed Robin
  4529 | D:5      | Found a glowing silver altar of Zin.
  4611 | D:5      | Reached skill level 5 in Evocations
  4816 | D:6      | Found a sand-covered staircase.
  4824 | Ossuary  | Entered an ossuary
  5087 | Ossuary  | Reached skill level 5 in Fighting
  5202 | D:6      | Reached * piety under Hepliaklqana
  5206 | D:6      | Noticed Menkaure
  5219 | D:6      | Killed Menkaure
  5342 | D:6      | Reached skill level 10 in Polearms
  5342 | D:6      | Reached XP level 9. HP: 64/64 MP: 9/9
  5575 | D:6      | Reached skill level 11 in Polearms
  5955 | D:7      | Reached skill level 12 in Polearms
  6080 | D:7      | Noticed Prince Ribbit
  6091 | D:7      | Killed Prince Ribbit
  6092 | D:7      | Reached skill level 13 in Polearms
  6173 | D:7      | Reached ** piety under Hepliaklqana
  6174 | D:7      | Remembered your ancestor Bintanath as a knight
  6569 | D:8      | Found a flagged portal.
  6597 | Bailey   | Entered a bailey
  6619 | Bailey   | Reached XP level 10. HP: 73/73 MP: 10/10
  6740 | Bailey   | Noticed an orc knight
  6776 | Bailey   | Killed an orc knight
  6777 | Bailey   | Reached skill level 10 in Fighting
  7336 | D:8      | Noticed Pikel
  7350 | D:8      | Killed Pikel
  7774 | D:8      | Noticed Joseph
  7784 | D:8      | Killed Joseph
  7785 | D:8      | Reached skill level 10 in Dodging
  8227 | D:8      | Noticed Grum
  8242 | D:8      | Killed Grum
  8335 | D:9      | Noticed a death yak
  8340 | D:9      | Noticed a death yak
  8341 | D:9      | Noticed a death yak
  8350 | D:9      | Killed a death yak
  8351 | D:9      | Reached skill level 1 in Shields
  8351 | D:9      | Reached XP level 11. HP: 80/81 MP: 11/11
  8365 | D:9      | Killed a death yak
  8383 | D:9      | Killed a death yak
  8580 | D:9      | Gained mutation: Armour fits poorly on your strangely
                  | shaped body. [potion of mutation]
  8580 | D:9      | Gained mutation: You have a pair of small horns on your
                  | head. [potion of mutation]
  8581 | D:9      | Lost mutation: Armour fits poorly on your strangely shaped
                  | body. [potion of mutation]
  8581 | D:9      | Lost mutation: You have a pair of small horns on your head.
                  | [potion of mutation]
  8581 | D:9      | Gained mutation: Your spells are a little easier to cast,
                  | but a little less powerful. [potion of mutation]
  8581 | D:9      | Gained mutation: You are dopey. (Int -2) [potion of
                  | mutation]
  8581 | D:9      | Gained mutation: You are vulnerable to cold. (rC-) [potion
                  | of mutation]
  8581 | D:9      | Gained mutation: Your muscles are strong. (Str +4, Int/Dex
                  | -1) [potion of mutation]
  8582 | D:9      | Lost mutation: You are dopey. (Int -2) [potion of mutation]
  8582 | D:9      | Lost mutation: Your spells are a little easier to cast, but
                  | a little less powerful. [potion of mutation]
  8582 | D:9      | Lost mutation: Your muscles are strong. (Str +4, Int/Dex
                  | -1) [potion of mutation]
  8582 | D:9      | Gained mutation: You possess an exceptional clarity of
                  | mind. [potion of mutation]
  8582 | D:9      | Gained mutation: You have a pair of small antennae on your
                  | head. [potion of mutation]
  8582 | D:9      | Gained mutation: You occasionally lose the ability to drink
                  | potions when taking damage. [potion of mutation]
  8585 | D:9      | Found a staircase to the Lair.
  8634 | D:9      | Noticed Harold
  8649 | D:9      | Killed Harold
  8650 | D:9      | Reached skill level 5 in Shields
  8691 | D:9      | Reached *** piety under Hepliaklqana
  8735 | D:9      | Found Xymuah's Firing Range.
  8989 | D:9      | Found a burning altar of Makhleb.
  8989 | D:9      | Noticed a blizzard demon
  9309 | Lair:1   | Entered Level 1 of the Lair of Beasts
  9753 | Lair:1   | Reached XP level 12. HP: 71/87 MP: 12/12
 10177 | Lair:1   | Reached **** piety under Hepliaklqana
 10434 | Lair:1   | Noticed a catoblepas
 10443 | Lair:1   | Killed a catoblepas
 10952 | Lair:2   | Reached skill level 10 in Evocations
 11084 | Lair:2   | Reached skill level 1 in Spellcasting
 11388 | Lair:2   | Noticed Fannar
 11399 | Lair:2   | Killed Fannar
 11963 | Lair:2   | Noticed a skyshark
 11977 | Lair:2   | Killed a skyshark
 11978 | Lair:2   | Reached skill level 5 in Spellcasting
 12489 | D:3      | Bought a potion of mutation for 104 gold pieces
 12489 | D:3      | Lost mutation: You occasionally lose the ability to drink
                  | potions when taking damage. [potion of mutation]
 12489 | D:3      | Lost mutation: You have a pair of small antennae on your
                  | head. [potion of mutation]
 12489 | D:3      | Gained mutation: You have hidden genetic defects. [potion
                  | of mutation]
 12489 | D:3      | Gained mutation: You are resistant to electric shocks.
                  | (rElec) [potion of mutation]
 12489 | D:3      | Lost mutation: You have hidden genetic defects. [potion of
                  | mutation]
 12724 | Lair:3   | Reached XP level 13. HP: 85/92 MP: 21/23
 12760 | Lair:3   | Found a staircase to the Snake Pit.
 12820 | Lair:3   | Noticed Amaemon
 12829 | Lair:3   | Killed Amaemon
 13312 | Lair:3   | Found a staircase to the Swamp.
 13349 | Lair:3   | Reached skill level 1 in Invocations
 13437 | Lair:3   | Noticed Kirke
 13469 | Lair:3   | Killed Kirke
 13719 | Lair:3   | Noticed Nergalle
 13726 | Lair:3   | Reached skill level 5 in Invocations
 13740 | Lair:3   | Killed Nergalle
 13944 | Lair:3   | Reached ***** piety under Hepliaklqana
 14359 | Lair:4   | Identified the +3 long sword of the Dungeon {flame, rC+
                  | rCorr Str+3 SInv}
 14360 | Lair:4   | Found a staircase to the Slime Pits.
 14360 | Lair:4   | Found a viscous altar of Jiyva.
 14891 | Lair:4   | Reached skill level 1 in Armour
 14940 | Lair:4   | Reached XP level 14. HP: 73/99 MP: 27/27
 15676 | Lair:5   | Entered Level 5 of the Lair of Beasts
 16052 | Lair:5   | Reached skill level 5 in Armour
 16389 | Lair:5   | Found a runed translucent gate.
 16389 | Lair:5   | Noticed an azure jelly
 16393 | Lair:5   | Found a runed translucent gate.
 16394 | Lair:5   | Found a runed translucent gate.
 16394 | Lair:5   | Noticed randomguy2701's ghost (journeyman MiFi)
 16394 | Lair:5   | Noticed an azure jelly
 16394 | Lair:5   | Noticed an acid blob
 16566 | Lair:5   | HP: 1/99 [spriggan rider/+0 spear (20)]
 17169 | Lair:5   | Reached skill level 1 in Stealth
 17297 | Lair:5   | Paralysed by a hornet for 2 turns
 17863 | Lair:5   | Reached skill level 5 in Stealth
 18190 | Lair:5   | Noticed a quicksilver ooze
 18190 | Lair:5   | Noticed an acid blob
 18190 | Lair:5   | Noticed an acid blob
 18191 | Lair:5   | Noticed an azure jelly
 18191 | Lair:5   | Noticed an acid blob
 18237 | Lair:5   | Noticed a rockslime
 18237 | Lair:5   | Noticed an azure jelly
 18244 | Lair:5   | Found a viscous altar of Jiyva.
 18374 | D:10     | Entered Level 10 of the Dungeon
 18429 | D:10     | Noticed Psyche
 18444 | D:10     | Killed Psyche
 19613 | D:11     | Identified the amulet "Enabeb" {Acrobat Harm Str-4 Dex+4}
 19823 | D:11     | Reached XP level 15. HP: 69/103 MP: 28/28
 19866 | D:11     | Identified the +0 sling of Discord {freeze, Fragile rElec
                  | rC+}
 20203 | D:11     | Found a runed translucent door.
 20203 | D:11     | Found a shimmering altar of Xom.
 20203 | D:11     | Noticed XomNomNom's ghost (journeyman HOMo)
 20387 | D:11     | Killed XomNomNom's ghost
 20469 | D:12     | Found a staircase to the Orcish Mines.
 20559 | D:12     | Found a portal to a secret trove of treasure.
 20618 | D:12     | Reached skill level 1 in Earth Magic
 20753 | D:12     | Found a transporter.
 20767 | D:12     | Found a transporter.
 20768 | D:12     | Found a bloodstained altar of Trog.
 20768 | D:12     | Noticed wormstring's ghost (journeyman MeEE)
 21423 | D:12     | Found Nisadim's Island Escapes.
 21484 | D:12     | Bought a scroll of blinking for 82 gold pieces
 21484 | D:12     | Bought a scroll of blinking for 82 gold pieces
 21878 | D:13     | Learned a level 4 spell: Animate Armour
 22066 | D:13     | Reached skill level 5 in Earth Magic
 22528 | D:13     | Identified the +3 halberd "Brush" {heavy, Int+3}
 22533 | D:13     | Identified the +1 scimitar "Zaups" {holy, rElec}
 22554 | D:13     | Got Sif Muna's Almanac of the Torrid Throng
 22716 | D:13     | Reached ****** piety under Hepliaklqana
 22790 | D:13     | Found a gate to the Vaults.
 23517 | D:13     | Reached skill level 1 in Summonings
 23517 | D:13     | Reached XP level 16. HP: 109/109 MP: 29/29
 23519 | D:13     | Noticed Erolcha
 23527 | D:13     | Killed Erolcha
 24196 | D:13     | Slain by a frost giant

Illustrated notes

Levels and vault maps discovered:
D:1:      nzn_arrival_settlement, layout_basic
D:2:      layout_basic, minmay_liquid_box, uniq_terence
D:3:      layout_loops_ring, mainiacjoe_overflow_small_starburst,
          chequers_ecumenical_altar_simple, serial_shops, shop, moated_statue,
          guppyfry_early_lair_pool
D:4:      layout_basic, temple_statues, gammafunk_ghost_grave,
          minmay_misc_feat_cross, minmay_goblin_kobold_house,
          uniq_crazy_yiuf_cottage
D:5:      layout_basic, kennysheep_mini_moat, kennysheep_minor_cross,
          kennysheep_small_spiral, nicolae_goblin_pals
D:6:      layout_loops_ring, gup_ossuary_entry_pyramid, uniq_menkaure
D:7:      layout_basic, uniq_prince_ribbit1
D:8:      layout_gridville, enter_bailey_6, uniq_joseph, uniq_grum, uniq_pikel
D:9:      layout_loops_ring, makhleb_altar_promises_db, dpeg_lair_monsters,
          minivault_25, nicolae_shop_firing_range, uniq_harold
D:10:     layout_loops_ring, kennysheep_cluttered_room, reono_crystal_passage,
          uniq_psyche
D:11:     layout_loops_ring, ebering_ghost_xom,
          minmay_the_grid_square_5x5_3x3_mashed
          [minmay_the_grid_square_5x5_corner,
          minmay_the_grid_square_5x5_inner_z,
          minmay_the_grid_square_5x5_detours,
          minmay_the_grid_square_5x5_checkered_statues,
          minmay_the_grid_square_5x5_megaprize_crossed,
          minmay_the_grid_square_5x5_pentomino_r,
          minmay_the_grid_square_5x5_gyroscope,
          minmay_the_grid_square_5x5_inverted_slash,
          minmay_the_grid_square_5x5_spiral]
D:12:     layout_rooms, orc_0_dummy, nicolae_trove_entry_diagonal,
          gammafunk_ghost_wrathful_warriors, nicolae_island_escapes
D:13:     giant_chief_lemuel, layout_cave_pods, erik_vaults_2,
          grunt_decor_fettered, minmay_evil_grid, uniq_erolcha
Temple:   compressed_dpeg_triangle_lava_temple
Lair:1:   layout_cave_pods, beast_lair_carwin_4, grunt_megastairs_4,
          lemuel_fruit_fields
Lair:2:   layout_cave_pods, chequers_serial_rivers_room_a, uniq_fannar
Lair:3:   layout_regular_city, minmay_swamp_entry_worms,
          minmay_snake_entry_six_corridors, uniq_amaemon, uniq_kirke,
          uniq_nergalle
Lair:4:   layout_regular_city, minmay_slime_entry_pillars, roderic_carrion_pond
Lair:5:   minmay_lair_end_enchanted_forest, layout_gridlike,
          portal_ice_cave_demonic_guard, gammafunk_ghost_ooze,
          minmay_lair_oklob_bushes, serial_bayou_crossing

Skill      XL: |  1  2  3  4  5  6  7  8  9 10 11 12 13 14 15 16 |
---------------+-------------------------------------------------+-----
Polearms       | 6 7 8 9 10 13 | 13.1
Fighting       | 3 4 7 8 10 | 10.0
Dodging        | 5 6 12 | 12.0
Evocations     | 3 5 7 10 12 | 12.9
Shields        | 1 8 |  8.0
Spellcasting   | 6 9 |  9.0
Invocations    | 9 |  9.0
Armour         | 2 6 |  6.0
Stealth        | 5 |  5.0
Earth Magic    | 8 |  8.6
Summonings     | 1 3 |  3.6
Throwing       | |  2.0

Action                     |  1- 3 |  4- 6 |  7- 9 | 10-12 | 13-15 | 16-18 || total
---------------------------+-------+-------+-------+-------+-------+-------++-------
  Melee: Trident           |    10 |       |       |       |       |       ||    10
         Spear             |    68 |   111 |   360 |   608 |  1252 |    33 ||  2432
         Punch             |       |       |     5 |       |       |       ||     5
         Tailslap          |       |       |       |       |     3 |       ||     3
  Throw: Throwing net      |       |     1 |       |       |     6 |       ||     7
 Invoke: Ancestor Life: Kn |       |       |     1 |       |       |       ||     1
         Idealise          |       |       |       |       |     4 |       ||     4
         Recall Ancestor   |       |       |       |       |     4 |       ||     4
         Transference      |       |       |       |       |     1 |       ||     1
  Evoke: Wand              |       |       |       |     5 |     7 |       ||    12
         Phial of floods   |       |       |       |     1 |     1 |       ||     2
    Use: Scroll            |     7 |     4 |    14 |     8 |     2 |       ||    35
         Potion            |     1 |     1 |     3 |     5 |     1 |       ||    11
   Stab: Sleeping          |     1 |     2 |     1 |       |     8 |     2 ||    14
         Paralysed         |       |       |       |    21 |     3 |       ||    24
         Distracted        |       |       |       |     2 |    10 |     1 ||    13
         Held in net/web   |       |       |       |       |     8 |       ||     8
 Armour: Leather armour    |    11 |     6 |    47 |    68 |   125 |       ||   257
         Skin              |     8 |       |     5 |    19 |       |       ||    32
         Troll leather arm |       |       |       |       |    17 |     1 ||    18
  Dodge: Dodged            |    22 |    32 |   173 |   331 |   533 |     8 ||  1099
  Block: Kite shield       |       |       |       |   154 |   386 |     3 ||   543

Table legend: (Time is in decaauts)
 A = Elapsed time spent in this place.
 B = Non-inter-level travel time spent in this place.
 C = Inter-level travel time spent in this place.
 D = Time resting spent in this place.
 E = Time spent auto-exploring this place.
 F = Levels seen in this place.
 G = Mean time per level.
                   A        B        C        D        E       F      G
               +--------+--------+--------+--------+--------+-----+--------+
         Total |  23670 |  22490 |   1180 |   5682 |  12703 |  21 | 1127.1 |
       Dungeon |  14037 |  13202 |    835 |   2843 |   7956 |  13 | 1079.8 |
        Temple |     38 |      1 |     37 |      0 |      0 |   1 |   38.0 |
          Lair |   8648 |   8341 |    307 |   2223 |   4622 |   5 | 1729.6 |
       Ossuary |    321 |    321 |      0 |    225 |     28 |   1 |  321.0 |
        Bailey |    624 |    624 |      0 |    391 |     97 |   1 |  624.0 |
               +--------+--------+--------+--------+--------+-----+--------+

Top non-repeatable levels by time:
  Lair:5: 2412 daAuts
    D:13: 2398 daAuts
  Lair:4: 1663 daAuts
  Lair:2: 1582 daAuts
  Lair:3: 1495 daAuts
  Lair:1: 1495 daAuts
     D:4: 1326 daAuts
     D:2: 1278 daAuts
    D:12: 1275 daAuts
    D:11: 1208 daAuts
     D:8: 1161 daAuts
     D:9: 992 daAuts
    D:10: 833 daAuts
     D:3: 816 daAuts
     D:5: 723 daAuts
